Map: Backwater LE

Players

sake

  • Race: Protoss Protoss
  • League: Gold
  • Spawn Location: 11:00

Kozzy - Winner!

  • Race: Protoss Protoss
  • League: Gold
  • Spawn Location: 5:00

VOD

Have the link to the VOD?

Description

Time

  • Played on: April 3, 2018, 9:03 a.m.
  • Length: 7:39
Show
View Real Time Build Order
Export as new Build Order

sake Protoss 

Build Orders:  

Get SALT Encoding   

  12  0:01  Probe  
  13  0:13  Probe  
  14  0:20  Pylon  
  14  0:25  Probe  
  15  0:33  Assimilator  
  15  0:40  Assimilator  
  15  0:41  Probe (Chrono Boost)  
  17  0:51  Probe (Chrono Boost)  
  17  0:56  Probe (Chrono Boost)  
  17  0:58  Gateway  
  18  1:09  Probe (Chrono Boost)  
  18  1:22  Probe (Chrono Boost)  
  19  1:27  Probe (Chrono Boost)  
  20  1:36  Probe  
  21  1:48  Probe  
  21  1:51  Cybernetics Core  
  22  1:57  Pylon  
  22  2:00  Probe  
  23  2:18  Probe  
  24  2:37  Stargate x2  
  24  2:56  Pylon  
  24  3:36  Void Ray x2 (Chrono Boost)  
  31  3:47  Nexus  
  31  4:12  Assimilator  
  31  4:16  Void Ray (Chrono Boost)  
  35  4:17  Void Ray (Chrono Boost)  
  39  4:33  Pylon x2  
  39  4:54  Shield Battery  
  39  4:56  Shield Battery  
  39  4:57  Shield Battery  
  39  4:59  Probe  
  40  5:01  Probe  
  40  5:06  Void Ray  
  45  5:12  Probe  
  45  5:13  Probe  
  47  5:24  Probe (Chrono Boost)  
  48  5:29  Void Ray  
  53  5:36  Probe (Chrono Boost)  
  53  5:42  Protoss Air Weapons Level 1 (Chrono Boost)  
  53  5:43  Probe (Chrono Boost), Shield Battery  
  54  5:50  Probe  
  54  5:53  Pylon  
  55  5:58  Forge  
  53  6:08  Probe (Chrono Boost)  
  54  6:15  Probe (Chrono Boost)  
  56  6:19  Probe (Chrono Boost)  
  56  6:23  Probe (Chrono Boost)  
  58  6:26  Probe (Chrono Boost)  
  58  6:27  Void Ray  
  62  6:34  Probe  
  63  6:42  Assimilator  
  63  6:46  Probe  
  60  6:59  Probe  
  57  7:11  Probe  
Show
View Real Time Build Order
Export as new Build Order

Kozzy Protoss - Winner!

Build Orders:  

Get SALT Encoding   

  12  0:01  Probe  
  13  0:13  Probe  
  14  0:19  Pylon  
  14  0:25  Probe  
  15  0:37  Probe (Chrono Boost)  
  15  0:40  Gateway  
  17  0:50  Probe (Chrono Boost)  
  17  0:55  Probe (Chrono Boost)  
  18  1:07  Assimilator  
  18  1:09  Probe (Chrono Boost)  
  20  1:19  Probe (Chrono Boost)  
  20  1:23  Probe (Chrono Boost)  
  20  1:25  Gateway  
  21  1:27  Pylon  
  21  1:35  Probe  
  22  1:40  Cybernetics Core  
  22  1:49  Probe  
  23  1:56  Zealot  
  25  2:02  Forge  
  25  2:10  Pylon  
  25  2:22  Warp Gate  
  25  2:26  Assimilator  
  25  2:28  Pylon  
  25  2:33  Protoss Ground Weapons Level 1 (Chrono Boost)  
  25  2:39  Pylon  
  25  2:44  Probe  
  26  2:54  Gateway  
  26  2:55  Stalker  
  28  3:05  Stalker  
  30  3:12  Pylon  
  30  3:44  Shield Battery  
  30  3:50  Gateway  
  30  3:53  Stalker x2  
  30  3:54  Stalker  
  36  4:12  Pylon  
  36  4:23  Zealot x2  
  40  4:25  Pylon  
  40  4:31  Pylon  
  40  4:36  Photon Cannon  
  40  4:47  Gateway  
  40  4:59  Stalker  
  42  5:00  Stalker  
  42  5:36  Twilight Council  
  42  5:41  Zealot x4  
  50  5:52  Stalker  
  48  6:09  Stalker x2  
  48  6:10  Stalker x2  
  52  6:25  Stalker  
  54  6:33  Stalker  
  56  6:43  Stalker  
  52  6:57  Stalker x2  
  56  7:01  Stalker  
  44  7:35  Stalker x4  
Tags
 
League
GoldGold
Matchup
PvP
Spawn Locations
Cross Positions
Add a new tag
Caveats
  • Supply blocks, unpowered buildings, or Contaminate may cause inaccurate times.
  • Supply counts are checked every 10 seconds.